 Dungeon Crawl Stone Soup version 0.31-a0-656-gb4d89c20fa (webtiles) character file.

Game seed: 10131261500567446446

4 LobsterGuardian the Covert (level 1, 0/23 HPs)
             Began as a Gnoll Delver on Aug 31, 2023.
             Killed from afar by Ijyb (8 damage)
             ... with a puff of flame
             ... on level 3 of the Dungeon.
             The game lasted 00:00:23 (111 turns).

LobsterGuardian the Covert (Gnoll Delver)            Turns: 111, Time: 00:00:23

Health: 0/23       AC:  3    Str: 11    XL:     1   Next: 60%
Magic:  1/1        EV: 13    Int:  9    God:
Gold:   19         SH:  0    Dex: 13    Spells: 0/0 levels left

rFire   . . .        a - +0 mace
rCold   . . .        (no shield)
rNeg    . . .        b - +0 leather armour
rPois   .            (no helmet)
rElec   .            (no cloak)
rCorr   .            (no gloves)
SInv    .            (no boots)
Will    .....        (no amulet)
Stlth   ++++         (no ring)
HPRegen 0.23/turn    (no ring)
MPRegen 0.07/turn

%: no passive effects
@: hasted, very quick
A: fangs 1, strong nose, distributed training
a: no special abilities


You were on level 3 of the Dungeon.
You visited 1 branch of the dungeon, and saw 3 of its levels.

You collected 19 gold pieces.

Inventory:

Hand Weapons
 a - a +0 mace (weapon)
Armour
 b - a +0 leather armour (worn)
Wands
 g - a wand of digging (3)
Scrolls
 c - a scroll of fog
 d - a scroll of revelation
 e - a scroll of fear


   Skills:
 + Level 6.4 Fighting
 + Level 0.1 Short Blades
 + Level 0.1 Long Blades
 + Level 0.1 Axes
 + Level 4.4 Maces & Flails
 + Level 0.1 Polearms
 + Level 0.1 Staves
 + Level 0.1 Ranged Weapons
 + Level 0.1 Throwing
 + Level 0.1 Armour
 + Level 4.4 Dodging
 + Level 9.5 Stealth
 + Level 0.1 Shields
 + Level 0.1 Unarmed Combat
 + Level 0.1 Spellcasting
 + Level 0.1 Conjurations
 + Level 0.1 Hexes
 + Level 0.1 Summonings
 + Level 0.1 Necromancy
 + Level 0.1 Translocations
 + Level 0.1 Transmutations
 + Level 0.1 Fire Magic
 + Level 0.1 Ice Magic
 + Level 0.1 Air Magic
 + Level 0.1 Earth Magic
 + Level 0.1 Poison Magic
 + Level 0.2 Invocations
 + Level 0.1 Evocations
 + Level 0.1 Shapeshifting


You couldn't memorise any spells.
You didn't know any spells.
Your spell library was empty.

Dungeon Overview and Level Annotations

Branches:
Dungeon (5/15)
 Temple: D:4-7

Altars:

Annotations:
D:3 Ijyb


Innate Abilities, Weirdness & Mutations

You have very sharp teeth.
Your uncanny sense of smell can sniff out nearby items.
Your experience applies equally to all skills.


Message History

Found 4 gold pieces.
Found a stone staircase leading up.
There is a stone staircase leading up here.
You climb upwards.
Found a wand of flame (21) and 6 gold pieces.
Found a stone staircase leading down.
There is a stone staircase leading down here.
There are monsters nearby!
Unknown command.
Found 11 gold pieces.
You hit the worm.
The worm is lightly wounded.
The worm bites you but does no damage.
You barely miss the worm. The worm closely misses you.
You hit the worm. You bite the worm.
The worm is moderately wounded.
You hit the worm.
The worm is heavily wounded.
The worm barely misses you.
You sock the worm!
You kill the worm!
The ball python hisses angrily.
You closely miss the ball python. The ball python barely misses you. x2
You hit the ball python.
The ball python is moderately wounded.
The ball python barely misses you. The ball python grabs you.
The ball python constricts you.
You hit the ball python.
You kill the ball python!
Found 22 gold pieces.
Ijyb shouts!
You hear an angry hiss.
An adder comes into view.
Ijyb zaps a wand.
The puff of flame hits you! Ijyb hits you with a +0 club.
You closely miss Ijyb.
The adder hisses angrily. x2
You bite Ijyb, but do no damage. Ijyb hits you with a +0 club.
Unknown command.
You feel yourself speed up. The adder bites you.
Ijyb zaps a wand.
The puff of flame hits you!
You die...

###... #.#...
.##...>.##....
............#
.#.#..##...#####..
........†.>...../#
##................
..$...$...........
..........########
#####.#@..#
#SSg### ∆ ##..#
##.$ #.. ..$. .#..
. #.#


You could see Ijyb and 2 adders.

Vanquished Creatures
  A worm (D:3)
  A ball python (D:3)
2 creatures vanquished.

Notes
Turn   | Place    | Note
-------+----------+-------------------------------------------
     0 | D:5      | Reached skill level 9 in Stealth
     0 | D:5      | LobsterGuardian the Gnoll Delver began the quest for the
                  | Orb.
     0 | D:5      | Reached XP level 1. HP: 23/23 MP: 1/1
    12 | D:5      | Noticed an orc priest
    12 | D:5      | Noticed an orc wizard
    63 | D:4      | Noticed an iguana
    96 | D:3      | Noticed Ijyb
   111 | D:3      | Killed from afar by Ijyb

Illustrated notes

Levels and vault maps discovered:
D:3:      layout_rooms, shapermc_ecumenical_altar_mp_vishouse,
          uniq_crazy_yiuf_cottage, uniq_ijyb
D:4:      layout_gridville, dk_xom_monty_hall, uniq_pikel
D:5:      layout_basic, temple_statues, kennysheep_potato

Skill      XL: | |
---------------+-+-----
Stealth        | |  9.5
Fighting       | |  6.4
Short Blades   | |  0.1
Long Blades    | |  0.1
Axes           | |  0.1
Maces & Flails | |  4.4
Polearms       | |  0.1
Staves         | |  0.1
Ranged Weapons | |  0.1
Throwing       | |  0.1
Armour         | |  0.1
Dodging        | |  4.4
Shields        | |  0.1
Unarmed Combat | |  0.1
Spellcasting   | |  0.1
Conjurations   | |  0.1
Hexes          | |  0.1
Summonings     | |  0.1
Necromancy     | |  0.1
Translocations | |  0.1
Transmutations | |  0.1
Fire Magic     | |  0.1
Ice Magic      | |  0.1
Air Magic      | |  0.1
Earth Magic    | |  0.1
Poison Magic   | |  0.1
Invocations    | |  0.2
Evocations     | |  0.1
Shapeshifting  | |  0.1

Action                     || total
---------------------------++-------
  Melee: Mace              ||     9
         Bite              ||     2
    Use: Potion            ||     1
 Armour: Leather armour    ||     1
  Dodge: Dodged            ||     5

Table legend: (Time is in decaauts)
 A = Elapsed time spent in this place.
 B = Non-inter-level travel time spent in this place.
 C = Inter-level travel time spent in this place.
 D = Time resting spent in this place.
 E = Time spent auto-exploring this place.
 F = Levels seen in this place.
 G = Mean time per level.
                   A        B        C        D        E       F      G
               +--------+--------+--------+--------+--------+-----+--------+
         Total |    112 |     93 |     19 |      0 |     46 |   3 |   37.3 |
       Dungeon |    112 |     93 |     19 |      0 |     46 |   3 |   37.3 |
               +--------+--------+--------+--------+--------+-----+--------+

Top non-repeatable levels by time:
     D:4: 68 daAuts
     D:5: 27 daAuts
     D:3: 16 daAuts
